 Dungeon Crawl Stone Soup version 0.30-a0-782-ge64f9170bb (webtiles) character file.

Game seed: 7161343221021931571

9068 112233 the Thaumaturge (level 11, -3/64 HPs)
             Began as a Deep Elf Conjurer on Feb 25, 2023.
             Was a Believer of Sif Muna.
             Slain by an orc warrior
             ... wielding a +0 glaive
              (12 damage)
             ... on level 9 of the Dungeon.
             The game lasted 00:18:30 (13865 turns).

112233 the Thaumaturge (Deep Elf Conjurer)         Turns: 13865, Time: 00:18:31

Health: -3/64      AC:  5    Str:  4    XL:     11   Next: 18%
Magic:  14/29      EV: 18    Int: 28    God:    Sif Muna [**....]
Gold:   199        SH:  6    Dex: 19    Spells: 14/35 levels left

rFire   + . .      SeeInvis .    x - +2 whip (freeze)
rCold   + . .      Faith    .    h - +0 buckler
rNeg    . . .      Spirit   .    y - +2 robe {rC+ rF+}
rPois   .          Reflect  .    (no helmet)
rElec   .          Harm     .    G - +0 cloak
rCorr   .          Rampage  .    (no gloves)
Will    +....                    (no boots)
Stlth   ++                       b - amulet of magic regeneration
HPRegen 0.30/turn                r - ring of wizardry
MPRegen 0.61/turn                E - +6 ring of dexterity

@: no status effects
A: no striking features
a: Renounce Religion, Channel Magic


You were on level 9 of the Dungeon.
You worshipped Sif Muna.
Sif Muna was pleased with you.
You visited 4 branches of the dungeon, and saw 13 of its levels.

You collected 559 gold pieces.
You spent 360 gold pieces at shops.

Inventory:

Hand Weapons
 p - the +4 dagger of the Blue God {drain, *Corrode rPois Will- Int+4}
   (You took it off a centaur on level 8 of the Dungeon)

   Int:       It affects your intelligence (+4).
   rPois:     It protects you from poison.
   *Corrode:  It may corrode you when you take damage.
   Will:      It decreases your willpower.
 x - a +2 whip of freezing (weapon)
Armour
 a - a +0 robe
 h - a +0 buckler (worn)
 y - a +2 robe of resistance (worn)
 G - a +0 cloak (worn)
Magical Staves
 n - a staff of cold
Jewellery
 b - an amulet of magic regeneration (around neck)
 e - an amulet of guardian spirit
 r - a ring of wizardry (left hand)
 C - a ring of positive energy
 D - a ring of positive energy
 E - a +6 ring of dexterity (right hand)
 F - a ring of ice
Wands
 c - a wand of flame (18)
 z - a wand of iceblast (1)
Scrolls
 d - 3 scrolls of fog
 f - 3 scrolls of enchant armour
 g - 3 scrolls of fear
 i - a scroll of immolation
 j - 2 scrolls of silence {unknown}
 k - 6 scrolls of teleportation
 l - a scroll of torment {unknown}
 o - 2 scrolls of poison
 q - a scroll of blinking {unknown}
 s - a scroll of enchant weapon {unknown}
 t - 3 scrolls of noise {unknown}
 w - 2 scrolls of amnesia {unknown}
 B - 2 scrolls of magic mapping {unknown}
 H - a scroll of vulnerability {unknown}
 I - 2 scrolls of identify
 J - 2 scrolls of butterflies {unknown}
Potions
 m - a potion of brilliance
 u - a potion of might
 v - 3 potions of curing
 A - a potion of flight
 K - 2 potions of mutation {unknown}
 L - 2 potions of resistance
 M - a potion of degeneration


   Skills:
 + Level 6.2 Fighting
 + Level 9.3 Dodging
 - Level 2.4 Stealth
 - Level 5.5 Shields
 * Level 12.5 Spellcasting
 + Level 9.4 Conjurations
 + Level 1.8 Fire Magic


You had 14 spell levels left.
You knew the following spells:

 Your Spells              Type           Power      Damage    Failure   Level
a - Iskenderun's Battles  Conj           63%        2d11      1%          5
b - Searing Ray           Conj           100%       2d8       1%          2
c - Fireball              Conj/Fire      24%        3d11      4%          5
d - Iskenderun's Mystic   Conj/Tloc      43%        2d10      2%          4
e - Magic Dart            Conj           100%       1d8       1%          1
f - Fulminant Prism       Conj/Hex       21%        3d12      2%          4

Your spell library contained the following spells:

 Spells                   Type           Power      Damage    Failure   Level
 Beastly Appendage        Tmut           34%        N/A       1%          1
 Necrotise                Necr           68%        1d7       1%          1
 Static Discharge         Conj/Air       86%        2-6/arc   1%          2
 Dazzling Flash           Conj/Hex       86%        N/A       1%          3
 Wereblood                Tmut           17%        N/A       2%          2
 Ozocubu's Armour         Ice            17%        N/A       4%          3
 Spider Form              Tmut/Pois      17%        N/A       4%          3
 Vampiric Draining        Necr           17%        2d7       4%          3
 Vhi's Electric Charge    Tloc/Air       34%        N/A       4%          3
 Arcjolt                  Conj/Air       21%        1d31      6%          5
 Lightning Bolt           Conj/Air       21%        1d36      6%          5
 Orb of Destruction       Conj           31%        9d10      26%         7
 Conjure Ball Lightning   Conj/Air       21%        3x3d6     32%         6
 Agony                    Necr           17%        N/A       38%         5
 Alistair's Intoxication  Tmut/Pois      11%        N/A       38%         5
 Borgnjor's Vile Clutch   Necr/Erth      8%         N/A       38%         5
 Metabolic Englaciation   Hex/Ice        8%         N/A       38%         5
 Eringya's Noxious Bog    Tmut/Pois      8%         N/A       91%         6
 Simulacrum               Ice/Necr       8%         N/A       91%         6


Dungeon Overview and Level Annotations

Branches:
Dungeon (10/15)            Temple (1/1) D:4            Lair (1/5) D:8
    Orc (1/2) D:9

Altars:
Ashenzari
Cheibriados
Dithmenos
Elyvilon
Fedhas
Gozag
Hepliaklqana
Kikubaaqudgha
Makhleb
Nemelex Xobeh
Okawaru
Qazlal
Ru
Sif Muna
Uskayaw
Vehumet
Wu Jian
Xom
Yredelemnul
Zin
The Shining One

Shops:
D:8 !   D:9 !([(

Annotations:
D:8 2 transporters, 1 runed translucent door, exclusion: downstairs
D:9 exclusions: downstairs and upstairs, Erolcha


Message History

Erolcha casts a spell.
Erolcha flickers and vanishes!
Deactivating autopickup; reactivate with Ctrl-A.
You block the orc warrior's attack. Something hits you!!
Ouch! That really hurt!
Unknown command.
Casting: Iskenderun's Mystic Blast (dangerous; 2% risk of failure)
Confirm with . or Enter, or press ? or * to list all spells.
You erupt in a blast of force!
The mystic blast hits the orc warrior!
The orc warrior is almost dead.
The orc warrior is knocked back by the mystic blast.
The mystic blast hits something!
Unknown command.
Casting: Iskenderun's Mystic Blast (dangerous; 2% risk of failure)
Confirm with . or Enter, or press ? or * to list all spells.
You erupt in a blast of force!
The mystic blast hits the orc warrior.
The orc warrior is almost dead.
The mystic blast hits something.
The orc warrior hits you from afar with a +0 glaive!
* * * LOW HITPOINT WARNING * * *
The orc warrior hits you from afar with a +0 glaive.
* * * LOW HITPOINT WARNING * * *
Unknown command.
Casting: Iskenderun's Mystic Blast (dangerous; 2% risk of failure)
Confirm with . or Enter, or press ? or * to list all spells.
You erupt in a blast of force!
The mystic blast hits the orc warrior but does no damage.
The orc warrior is almost dead.
The mystic blast hits something.
The orc warrior barely misses you.
The orc warrior hits you from afar with a +0 glaive.
* * * LOW HITPOINT WARNING * * *
Unknown command.
Casting: Iskenderun's Mystic Blast (dangerous; 2% risk of failure)
Confirm with . or Enter, or press ? or * to list all spells.
You erupt in a blast of force!
The mystic blast hits the orc warrior but does no damage.
The orc warrior is almost dead.
The mystic blast hits something!
The orc warrior hits you from afar with a +0 glaive!
You die...

## #.......###.#..............).
.#####......#####.#.#............
....###..##.......#.##...........
#.#.##......#........#...........
..#......#..................)..).
###......#..................[..(.
.##.....##.................#'''#[
..##.#.........[...........#...#.
....(#..........@..........#...#.
...............)..........##...#.
................o..........#...#.
.....)..................####...#.
..................)........#...#.
.....................##....#...#.
.................).#########≈.≈##
#'##............##[#....)..≈≈.§§.
#)##............##.#.........≈...


You could see an orc warrior.

Vanquished Creatures
  A rakshasa (D:10)
  A two-headed ogre (D:9)
  Pikel (D:5)
  A manticore (D:9)
  A hornet (D:9)
  3 wyverns (D:7)
  A wraith (D:9)
  A shadow (D:5)
  5 yaks (D:9)
  2 steam dragons
  A vampire mosquito (D:8)
  Edmund (D:5)
  A warg (Orc:1)
  2 water moccasins
  10 orc warriors
  4 black bears
  3 ice beasts
  5 centaurs
  A lemure (D:5)
  5 bullfrogs
  A kobold brigand (D:9)
  16 scorpions
  5 wights
  A killer bee (D:8)
  6 howler monkeys
  4 hounds
  4 orc priests
  2 jellies
  An iguana (D:3)
  12 orc wizards
  A gnoll (D:10)
  7 adders
  A shadow imp (D:7)
  A white imp (D:6)
  An ufetubus (D:7)
  A worm (D:4)
  4 dart slugs
  31 orcs
  2 ball pythons
  7 endoplasms
  5 giant cockroaches
  3 goblins
  6 hobgoblins
  4 jackals (D:2)
  2 quokkas
  4 bats
  2 frilled lizards
  6 kobolds
  4 rats
  A butterfly (D:8)
195 creatures vanquished.

Vanquished Creatures (others)
  13 fulminant prisms
  30 fungi (D:8)
  19 plants (D:8)
62 creatures vanquished.

Grand Total: 257 creatures vanquished

Notes
Turn   | Place    | Note
-------+----------+-------------------------------------------
     0 | D:1      | 112233 the Deep Elf Conjurer began the quest for the Orb.
     0 | D:1      | Reached XP level 1. HP: 10/10 MP: 6/6
   274 | D:1      | Reached skill level 4 in Spellcasting
   274 | D:1      | Reached XP level 2. HP: 15/15 MP: 5/9
   946 | D:2      | Reached skill level 5 in Spellcasting
   946 | D:2      | Reached XP level 3. HP: 19/19 MP: 2/11
  1228 | D:2      | Found a faded altar of an unknown god.
  1358 | D:2      | Found a snail-covered altar of Cheibriados.
  1644 | D:2      | Reached skill level 6 in Spellcasting
  1644 | D:2      | Reached XP level 4. HP: 24/24 MP: 11/14
  2063 | D:2      | Learned a level 2 spell: Searing Ray
  2182 | D:3      | Found a white marble altar of Elyvilon.
  2748 | D:4      | Reached XP level 5. HP: 28/28 MP: 12/16
  2890 | D:4      | Reached skill level 7 in Spellcasting
  3017 | D:4      | Reached skill level 1 in Fighting
  3050 | D:4      | Found a staircase to the Ecumenical Temple.
  3066 | Temple   | Entered the Ecumenical Temple
  3215 | D:4      | Reached skill level 1 in Shields
  3368 | D:4      | Reached XP level 6. HP: 32/34 MP: 10/18
  3714 | D:4      | Found a blossoming altar of Fedhas.
  4029 | D:5      | Entered Level 5 of the Dungeon
  4033 | D:5      | Noticed an ice beast
  4058 | D:5      | Learned a level 4 spell: Fulminant Prism
  4063 | D:5      | Learned a level 4 spell: Iskenderun's Mystic Blast
  4087 | D:5      | Noticed a water moccasin
  4094 | D:5      | Killed a water moccasin
  4095 | D:5      | Reached skill level 5 in Conjurations
  4105 | D:5      | Noticed a shadow
  4183 | D:5      | Found an opulent altar of Gozag.
  4183 | D:5      | Found an ancient bone altar of Kikubaaqudgha.
  4189 | D:5      | Found a basalt altar of Yredelemnul.
  4191 | D:5      | Killed a shadow
  4192 | D:5      | Reached XP level 7. HP: 39/40 MP: 4/20
  4389 | D:5      | Noticed Edmund
  4398 | D:5      | Killed Edmund
  4403 | D:5      | Reached skill level 8 in Spellcasting
  4428 | D:5      | Noticed Pikel
  4471 | D:5      | Killed Pikel
  4472 | D:5      | Reached skill level 5 in Dodging
  4472 | D:5      | Reached XP level 8. HP: 32/45 MP: 1/22
  4963 | D:5      | Found a shimmering blue altar of Sif Muna.
  5437 | D:5      | Became a worshipper of Sif Muna the Loreminder
  5496 | D:6      | Reached skill level 9 in Spellcasting
  5663 | D:6      | Found a radiant altar of Vehumet.
  5751 | D:6      | You fall into a shaft and drop 3 floors!
  5794 | D:10     | Entered Level 10 of the Dungeon
  5853 | D:9      | Noticed a two-headed ogre
  5853 | D:9      | Found Caisuseylyx's Weapon Shoppe.
  6394 | D:7      | Reached XP level 9. HP: 52/52 MP: 16/24
  7839 | D:8      | Found a transporter.
  7841 | D:8      | Found a transporter.
  7841 | D:8      | Noticed a deep elf pyromancer
  7842 | D:8      | Noticed a five-headed hydra
  7880 | D:8      | Reached * piety under Sif Muna
  7883 | D:8      | Reached skill level 10 in Spellcasting
  9197 | D:8      | Found a staircase to the Lair.
  9283 | D:8      | Identified the +4 dagger of the Blue God {drain, *Corrode
                  | rPois Will- Int+4}
  9383 | D:8      | Reached XP level 10. HP: 58/58 MP: 22/26
  9628 | D:8      | Found a runed translucent door.
  9630 | D:8      | Found a runed translucent door.
  9637 | D:8      | Found an ornate altar of the Wu Jian Council.
  9644 | D:8      | Found a glowing silver altar of Zin.
  9646 | D:8      | Found a sacrificial altar of Ru.
  9740 | D:9      | Found Fitea's Antique Armour Shop.
  9758 | D:8      | Reached skill level 5 in Fighting
 10006 | D:8      | Learned a level 5 spell: Iskenderun's Battlesphere
 10021 | D:9      | Found Ruggeapn's Distillery.
 10027 | D:9      | Reached skill level 5 in Shields
 10033 | D:9      | Noticed a manticore
 10380 | D:10     | Noticed a rakshasa
 10403 | D:9      | Learned a level 5 spell: Fireball
 10616 | Lair:1   | Entered Level 1 of the Lair of Beasts
 10809 | D:8      | Reached ** piety under Sif Muna
 10941 | D:9      | Killed a two-headed ogre
 10942 | D:9      | Reached skill level 11 in Spellcasting
 12092 | D:9      | Killed a manticore
 12094 | D:9      | Reached skill level 12 in Spellcasting
 12421 | D:9      | Found a staircase to the Orcish Mines.
 12494 | D:9      | Found Wuyf Hip's Weapon Emporium.
 12541 | D:9      | Bought 2 potions of resistance for 300 gold pieces
 12541 | D:9      | Bought a potion of degeneration for 15 gold pieces
 12541 | D:9      | Bought a potion of curing for 45 gold pieces
 12660 | D:9      | Reached XP level 11. HP: 64/64 MP: 4/29
 12669 | D:9      | Reached skill level 1 in Fire Magic
 12878 | D:10     | Reached *** piety under Sif Muna
 13133 | D:10     | Killed a rakshasa
 13571 | Orc:1    | Entered Level 1 of the Orcish Mines
 13582 | Orc:1    | Noticed Erolcha
 13865 | D:9      | Slain by an orc warrior

Illustrated notes

Levels and vault maps discovered:
D:1:      dreamdust_arrival_sigmund_warning, layout_loops_ring,
          minmay_pentomino_w2
D:2:      layout_basic, basic_altar, chequers_ecumenical_altar_island,
          kennysheep_generic_room_3
D:3:      layout_basic, mainiacjoe_overflow_24_doors
D:4:      layout_basic, lemuel_coloured_pillars_altar,
          minmay_temple_entry_drinking_statues, serial_curves, eino_curves_03,
          eino_curves_04, kennysheep_donut, eino_tiny_chamber,
          supply_closet_lemuel, kennysheep_generic_room_15
D:5:      layout_loops_cross, nicolae_sif_muna_little_library,
          gammafunk_temple_overflow_claw, uniq_pikel, uniq_edmund
D:6:      layout_basic, nicolae_vehumet_radiance, nrook_loot_triangle
D:7:      layout_basic
D:8:      lemuel_insect_pit, layout_rooms, gammafunk_temple_overflow_arena,
          due_lair_maze_entry_diamond, st_stairs_2
D:9:      layout_cave_pools, david_orc_3, serial_shops, nicolae_stop_n_shop_1,
          kennysheep_mini_moat, shop, nicolae_shop_statue_plus,
          kennysheep_cross_bottleneck, dk_noncrumbling_2
D:10:     layout_irregular_city, general_overflow_altar, serial_shops,
          nicolae_diamond_shop, serial_column_ruins, column_ruins_open_small,
          column_ruins_open_tiny, column_ruins_open_small_water,
          column_ruins_open_tiny, column_ruins_open_large,
          biasface_ghost_orc_armoury
Temple:   nicolae_temple_ecumenical_triangle
Lair:1:   layout_roguey, ebering_ghost_reflecting_pool
Orc:1:    layout_diamond_mine, okawaru_metal_pillars_1_2, uniq_erolcha,
          uniq_jorgrun

Skill      XL: |  1  2  3  4  5  6  7  8  9 10 11 |
---------------+----------------------------------+-----
Spellcasting   | 4 5 6 7 8 9 10 12 | 12.5
Fighting       | 1 2 3 4 6 |  6.2
Dodging        | 3 4 5 6 7 9 |  9.3
Shields        | 1 2 3 4 5 |  5.5
Conjurations   | 5 6 8 9 |  9.4
Fire Magic     | 1 |  1.8
Stealth        | |  2.4

Action                     |  1- 3 |  4- 6 |  7- 9 | 10-12 || total
---------------------------+-------+-------+-------+-------++-------
  Melee: Unarmed           |     1 |       |       |       ||     1
         Whip              |       |       |     4 |     6 ||    10
   Cast: Magic Dart        |    70 |    92 |    86 |     6 ||   254
         Searing Ray       |       |     9 |    49 |    13 ||    71
         Fulminant Prism   |       |     2 |     8 |     3 ||    13
         Iskenderun's Myst |       |       |    12 |    42 ||    54
         Fireball          |       |       |       |    45 ||    45
         Iskenderun's Batt |       |       |       |    13 ||    13
  Evoke: Wand              |       |       |     1 |     9 ||    10
    Use: Potion            |     2 |     2 |     4 |     2 ||    10
         Scroll            |       |       |    10 |     1 ||    11
   Stab: Sleeping          |       |       |     1 |       ||     1
 Armour: Robe              |     2 |     2 |    20 |     7 ||    31
         Skin              |       |       |     8 |       ||     8
  Dodge: Dodged            |     5 |    14 |   105 |    61 ||   185
  Block: Buckler           |       |       |       |     8 ||     8

Table legend: (Time is in decaauts)
 A = Elapsed time spent in this place.
 B = Non-inter-level travel time spent in this place.
 C = Inter-level travel time spent in this place.
 D = Time resting spent in this place.
 E = Time spent auto-exploring this place.
 F = Levels seen in this place.
 G = Mean time per level.
                   A        B        C        D        E       F      G
               +--------+--------+--------+--------+--------+-----+--------+
         Total |  13886 |  13306 |    580 |   5022 |   6782 |  13 | 1068.2 |
       Dungeon |  13755 |  13190 |    565 |   5021 |   6713 |  10 | 1375.5 |
        Temple |     78 |     64 |     14 |      0 |     58 |   1 |   78.0 |
          Lair |     32 |     32 |      0 |      1 |     11 |   1 |   32.0 |
  Orcish Mines |     18 |     18 |      0 |      0 |      0 |   1 |   18.0 |
               +--------+--------+--------+--------+--------+-----+--------+

Top non-repeatable levels by time:
     D:7: 2994 daAuts
     D:8: 2732 daAuts
     D:9: 1895 daAuts
     D:4: 1246 daAuts
     D:5: 1222 daAuts
     D:2: 1200 daAuts
     D:1: 886 daAuts
     D:6: 627 daAuts
     D:3: 621 daAuts
    D:10: 328 daAuts
  Temple: 78 daAuts
  Lair:1: 32 daAuts
   Orc:1: 18 daAuts
